 Dungeon Crawl Stone Soup version 0.30-a0-1043-g60ff8d5f49 (webtiles) character file.

Game seed: 4364794650932416099

560377 Kauriferous the Impregnable (level 24, -20/245 HPs)
             Began as a Minotaur Fighter on Apr 7, 2023.
             Was an Elder of Okawaru.
             Killed from afar by a yellow draconian annihilator (31 damage)
             ... with an iron shot
             ... on level 1 of the Realm of Zot on Apr 10, 2023.
             The game lasted 10:40:29 (66346 turns).

Kauriferous the Impregnable (Minotaur Fighter)     Turns: 66346, Time: 10:40:29

Health: -20/245    AC: 43    Str: 27    XL:     24   Next: 75%
Magic:  26/31      EV:  6    Int: 13    God:    Okawaru [****..]
Gold:   172        SH: 34    Dex: 12    Spells: 23/23 levels left

rFire   + + .      SeeInvis .    X - +9 broad axe (elec)
rCold   + . .      Faith    .    O - +10 tower shield of Ignorance {rN+ Int-4}
rNeg    + + .      Spirit   .    Y - +2 gold dragon scales
rPois   +          Reflect  .    a - +1 hat of the Neverending Quests {Drain rN+ Int+5}
rElec   +          Rampage  .    K - +2 cloak {rPois}
rCorr   +                        k - +2 pair of gloves of Kiloij {Contam +Inv Regen+}
Will    +++..                    F - +3 pair of mountain boots {steadfast, rC+} Stlth
                                 L - amulet of Nisaq {rF- Will+ Regen+ rCorr}
HPRegen 2.20/turn                c - ring of Meuge {Wiz rElec rF+ Int+2}
MPRegen 0.22/turn                E - ring "Trusted Companion" {Fire Will+ Int+3 Slay+3}

@: heroic, finesse-ful, constricted, studying Polearms
A: horns 2, retaliatory headbutt, weak 1
}: 4/15 runes: serpentine, barnacled, silver, abyssal
a: Renounce Religion, Evoke Invisibility, Heroism, Finesse


You were on level 1 of the Realm of Zot.
You worshipped Okawaru.
Okawaru was greatly pleased with you.
You visited 10 branches of the dungeon, and saw 44 of its levels.
You visited the Abyss 3 times.
You visited 1 bazaar.
You also visited: Trove, Ossuary and Ice Cave.

You collected 9012 gold pieces.
You spent 8840 gold pieces at shops.

Inventory:

Hand Weapons
 M - a +5 vampiric broad axe
 X - a +9 broad axe of electrocution (weapon)
Missiles
 q - 3 silver boomerangs
 z - 4 throwing nets
 N - 17 atropa-tipped darts
 P - 15 boomerangs of dispersal
 R - 15 silver javelins (quivered)
 V - 6 curare-tipped darts
Armour
 a - the +1 hat of the Neverending Quests (worn) {Drain rN+ Int+5}
   (Okawaru gifted it to you on level 4 of the Vaults)

   Int:       It affects your intelligence (+5).
   rN:        It protects you from negative energy.
   Drain:     It drains your maximum health when unequipped.
 k - the +2 pair of gloves of Kiloij (worn) {Contam +Inv Regen+}
   (Okawaru gifted it to you on level 3 of the Vaults)

   +Inv:      It lets you turn invisible.
   Contam:    It causes magical contamination when unequipped.
   Regen:     It increases your rate of health regeneration.
 F - the +3 pair of mountain boots (worn) {steadfast, rC+}
   (You found it on level 3 of the Elven Halls)

   Steadfast: It prevents involuntary movement, except for blinking,
   teleportation, or banishment.
   rC:        It protects you from cold.
 K - a +2 cloak of poison resistance (worn)
 O - the +10 tower shield of Ignorance (worn) {rN+ Int-4}
   (Okawaru gifted it to you on level 1 of the Snake Pit)

   Int:       It affects your intelligence (-4).
   rN:        It protects you from negative energy.
 Y - +2 gold dragon scales (worn)
Jewellery
 c - the ring of Meuge (left hand) {Wiz rElec rF+ Int+2}
   (You bought it in a shop in a bazaar)

   [ring of wizardry]

   It improves your spell success rate.
   Int:       It affects your intelligence (+2).
   rF:        It protects you from fire.
   rElec:     It insulates you from electricity.
 d - the amulet of Vippevic {RegenMP rC+ Slay+2}
   (You took it off a deep elf zephyrmancer on level 3 of the Elven Halls)

   [amulet of magic regeneration]

   It increases your rate of magic regeneration.
   Slay:      It affects your accuracy & damage with ranged weapons and melee
   (+2).
   rC:        It protects you from cold.
 f - a ring of see invisible
 h - the amulet of Day {Acrobat Rampage +Blink rCorr}
   (You found it in a treasure trove)

   [amulet of the acrobat]

   It increases your evasion while moving and waiting.
   +Blink:    It lets you blink.
   rCorr:     It protects you from acid and corrosion.
   Rampage:   It bestows one free step when moving towards enemies.
 n - the amulet of Yroam {Acrobat rC+ rCorr Dex+8}
   (You found it in a treasure trove)

   [amulet of the acrobat]

   It increases your evasion while moving and waiting.
   Dex:       It affects your dexterity (+8).
   rC:        It protects you from cold.
   rCorr:     It protects you from acid and corrosion.
 r - an amulet of reflection
 v - the ring "Gomudd" {rF+ Dex+2}
   (You found it in a treasure trove)

   [ring of protection from fire]

   Dex:       It affects your dexterity (+2).
   rF:        It protects you from fire.
 w - the ring "Udypsuho" {Fly Dex+3}
   (You found it in a treasure trove)

   [ring of flight]

   Dex:       It affects your dexterity (+3).
   Fly:       It grants you flight.
 E - the ring "Trusted Companion" (right hand) {Fire Will+ Int+3 Slay+3}
   (You bought it in a shop on level 3 of the Snake Pit)

   [ring of fire]

   It enhances your fire magic.
   Int:       It affects your intelligence (+3).
   Slay:      It affects your accuracy & damage with ranged weapons and melee
   (+3).
   rF:        It protects you from fire.
   rC:        It makes you vulnerable to cold.
   Will:      It increases your willpower.
 G - the amulet of Darkness {Faith Str+3 Slay+2}
   (You bought it in a shop on level 2 of the Orcish Mines)

   [amulet of faith]

   It allows you to gain divine favour quickly.
   Str:       It affects your strength (+3).
   Slay:      It affects your accuracy & damage with ranged weapons and melee
   (+2).
 L - the amulet of Nisaq (around neck) {rF- Will+ Regen+ rCorr}
   (You took it off a deep elf master archer on level 3 of the Elven Halls)

   [amulet of regeneration]

   rF:        It makes you vulnerable to fire.
   Regen:     It increases your rate of health regeneration.
   rCorr:     It protects you from acid and corrosion.
   Will:      It increases your willpower.
 W - a ring of the Octopus King {rC+ HP+2 AC+2 EV+2 SH+2}
   (You found it on level 3 of the Shoals)

   [ring of protection from cold]

   AC:        It affects your AC (+2).
   EV:        It affects your evasion (+2).
   rC:        It protects you from cold.
   HP:        It affects your health (+2).
   SH:        It affects your SH (+2).
Wands
 j - a wand of flame (51)
 y - a wand of mindburst (33)
 C - a wand of iceblast (30)
 D - a wand of paralysis (16)
 J - a wand of acid (21)
 T - a wand of polymorph (30)
Scrolls
 g - 9 scrolls of fog
 m - 7 scrolls of fear
 o - 16 scrolls of teleportation
 s - 8 scrolls of blinking
 t - 8 scrolls of magic mapping
 u - 2 scrolls of silence
 I - 4 scrolls of poison
 U - 4 scrolls of immolation
Potions
 e - 7 potions of attraction
 i - 11 potions of mutation
 l - 19 potions of curing
 p - 4 potions of magic
 x - a potion of cancellation
 A - 8 potions of ambrosia
 B - 5 potions of haste
 H - 5 potions of heal wounds
 Q - 7 potions of might
 S - 2 potions of resistance
 Z - 6 potions of berserk rage
Miscellaneous
 b - a phial of floods


   Skills:
 + Level 25.9(27) Fighting
 - Level 18.0(23.0) Axes
 - Level 10.0(15.0) Throwing
 + Level 25.9(27) Armour
 + Level 25.9(27) Shields
 - Level 12.0 Invocations
 + Level 14.9 Evocations


You had 23 spell levels left.
You didn't know any spells.
Your spell library contained the following spells:

 Spells                   Type           Power      Damage    Failure   Level
 Apportation              Tloc           0%         N/A       56%         1
 Kiss of Death            Conj/Necr      0%         2d5       56%         1
 Sandblast                Erth           0%         2d4       56%         1
 Slow                     Hex            0%         N/A       56%         1
 Cigotuvi's Dreadful Rot  Necr/Pois/Air  0%         N/A       71%         2
 Ensorcelled Hibernation  Hex/Ice        0%         N/A       71%         2
 Passwall                 Tmut/Erth      0%         N/A       71%         2
 Poisonous Vapours        Pois/Air       0%         N/A       71%         2
 Scorch                   Fire           0%         2d5       71%         2
 Static Discharge         Conj/Air       0%         2-2/arc   71%         2
 Sublimation of Blood     Necr           0%         N/A       71%         2
 Wereblood                Tmut           0%         N/A       71%         2
 Confusing Touch          Hex            0%         N/A       89%         3
 Gell's Gravitas          Tloc           0%         N/A       89%         3
 Hailstorm                Conj/Ice       0%         3d3       89%         3
 Inner Flame              Hex/Fire       0%         N/A       89%         3
 Mephitic Cloud           Conj/Pois/Air  0%         N/A       89%         3
 Ozocubu's Armour         Ice            0%         N/A       89%         3
 Portal Projectile        Hex/Tloc       0%         N/A       89%         3
 Stone Arrow              Conj/Erth      0%         3d7       89%         3
 Swiftness                Air            0%         N/A       89%         3
 Teleport Other           Tloc           0%         N/A       89%         3
 Vampiric Draining        Necr           0%         2d6       89%         3
 Vhi's Electric Charge    Tloc/Air       0%         N/A       89%         3
 Volatile Blastmotes      Fire/Tloc      0%         2d10      89%         3
 Anguish                  Hex/Necr       0%         N/A       99%         4
 Cause Fear               Hex            0%         N/A       99%         4
 Dispel Undead            Necr           0%         3d6       99%         4
 Flame Wave               Conj/Fire      0%         2d4       99%         4
 Fulminant Prism          Conj/Hex       0%         3d5       99%         4
 Ice Form                 Ice/Tmut       0%         N/A       99%         4
 Iskenderun's Mystic Bla  Conj/Tloc      0%         2d3       99%         4
 Olgreb's Toxic Radiance  Pois           0%         N/A       99%         4
 Petrify                  Tmut/Erth      0%         N/A       99%         4
 Sticky Flame             Conj/Fire      0%         2d3       99%         4
 Agony                    Necr           0%         N/A       100%        5
 Alistair's Intoxication  Tmut/Pois      0%         N/A       100%        5
 Arcjolt                  Conj/Air       0%         1d10      100%        5
 Blade Hands              Tmut           0%         N/A       100%        5
 Fireball                 Conj/Fire      0%         3d3       100%        5
 Freezing Cloud           Conj/Ice/Air   0%         6-21      100%        5
 Irradiate                Conj/Tmut      0%         3d11      100%        5
 Lee's Rapid Deconstruct  Erth           0%         3d4*      100%        5
 Conjure Ball Lightning   Conj/Air       0%         3x3d6     100%        6
 Dispersal                Tloc           0%         N/A       100%        6
 Starburst                Conj/Fire      0%         6d3       100%        6
 Dragon Form              Tmut           0%         N/A       100%        7
 Enfeeble                 Hex            0%         N/A       100%        7
 Orb of Destruction       Conj           0%         9d5       100%        7
 Ozocubu's Refrigeration  Ice            0%         4d7       100%        7
 Discord                  Hex            0%         N/A       100%        8
 Disjunction              Tloc           0%         N/A       100%        8
 Lehudib's Crystal Spear  Conj/Erth      0%         10d2      100%        8
 Maxwell's Capacitive Co  Air            0%         ∞         100%        8
 Death's Door             Necr           0%         N/A       100%        9
 Polar Vortex             Ice            0%         N/A       100%        9
 Summon Guardian Golem    Hex/Summ       Unusable   N/A       N/A         3
 Tukima's Dance           Hex            Unusable   N/A       N/A         3
 Animate Armour           Summ/Erth      Unusable   N/A       N/A         4
 Summon Lightning Spire   Summ/Air       Unusable   N/A       N/A         4
 Death Channel            Necr           Unusable   N/A       N/A         6
 Simulacrum               Ice/Necr       Unusable   N/A       N/A         6
 Summon Cactus Giant      Summ           Unusable   N/A       N/A         6
 Spellforged Servitor     Conj/Summ      Unusable   N/A       N/A         7
 Summon Hydra             Summ           Unusable   N/A       N/A         7
 Dragon's Call            Summ           Unusable   N/A       N/A         9

Dungeon Overview and Level Annotations

Branches:
Dungeon (15/15)            Temple (1/1) D:4            Lair (5/5) D:11
 Shoals (4/4) Lair:2        Snake (4/4) Lair:3        Slime (0/5) Lair:5
    Orc (2/2) D:10            Elf (3/3) Orc:2        Vaults (5/5) D:13
  Crypt (0/3) Vaults:3     Depths (4/4) D:15            Zot (1/5) Depths:4
Ossuary (visited)           IceCv (visited)

Altars:
Ashenzari
Cheibriados
Dithmenos
Elyvilon
Fedhas
Gozag
Hepliaklqana
Kikubaaqudgha
Makhleb
Nemelex Xobeh
Okawaru
Qazlal
Ru
Sif Muna
Trog
Uskayaw
Vehumet
Wu Jian
Xom
Yredelemnul
Zin
The Shining One
Jiyva

Shops:
D:3 *   D:13 *   D:15 *   Orc:1 *   Orc:2 !=!(?   Snake:1 [   Snake:3 =[*
Vaults:5 [?*=?*??   Depths:2 ((   Depths:4 ?*

Portals:
Hell: Depths:1 Depths:2 Depths:3 Depths:4
Abyss: Depths:1 Depths:3
Pandemonium: Depths:2
Ziggurat: Depths:4

Annotations:
D:2 Sigmund
Lair:5 exclusion: 4 oklob plants
Depths:2 1 runed translucent door


Innate Abilities, Weirdness & Mutations

You have a pair of horns on your head.
You reflexively headbutt those who attack you in melee.
You are weak. (Str -2)


Message History

* * * LOW HITPOINT WARNING * * *
The quicksilver dragon bites you but does no damage.
The quicksilver dragon claws you.
* * * LOW HITPOINT WARNING * * *
Unknown command.
You can now deal lightning-fast blows.
The tentacled monstrosity tentacle-slaps you!
* * * LOW HITPOINT WARNING * * *
You block the tentacled monstrosity's attack.
The tentacled monstrosity barely misses you.
The tentacled monstrosity constricts you.
Something hits you but does no damage.
The quicksilver dragon breathes dispelling energy at you.
The bolt of dispelling energy hits you!!
* * * LOW HITPOINT WARNING * * *
A bolt of lightning appears from out of thin air!
The bolt of lightning hits you! You resist.
* * * LOW HITPOINT WARNING * * *
The bolt of lightning hits you but does no damage.
You resist.
The bolt of lightning hits something.
You block the quicksilver dragon's attack.
The quicksilver dragon claws you but does no damage.
The tentacled monstrosity tentacle-slaps you.
* * * LOW HITPOINT WARNING * * *
You block the tentacled monstrosity's attack. x2
The tentacled monstrosity constricts you.
* * * LOW HITPOINT WARNING * * *
You hear a roar! x2
You feel much better.
You hear a roar!
You block the tentacled monstrosity's attack. x3
The tentacled monstrosity constricts you.
* * * LOW HITPOINT WARNING * * *
You block something's attack.
You block the quicksilver dragon's attack.
The quicksilver dragon claws you!
* * * LOW HITPOINT WARNING * * *
The yellow draconian annihilator gestures at you while chanting.
The iron shot hits you!!
You die...

#..# #..#
#).# #..#
#..# #d.# #
#..# #..#
#qd# ####..#
#..# #..#
..[...# #..#
#..#
>.....####..#
#§§#
####........#
#qd# #
#........#
#§§# #
#..####..#
#@{# # #?.#
#..####XD# #
#..#
#.....§y§# #
#..#
#........# #
#..#
#..####..#
##..# #..#
#..# ##...#
#..####..#
##...##
#........#
#...##
##........#


You could see a tentacled monstrosity (berserk), a purple draconian, a
quicksilver dragon, a yellow draconian annihilator and a moth of wrath.

Vanquished Creatures
  2 dread liches (Abyss:3)
  3 ancient liches (Abyss:3)
  Sojobo (Depths:1)
  Saint Roka (Vaults:2)
  Bai Suzhen (Shoals:4)
  Margery (Vaults:2)
  Xtahua (Vaults:4)
  5 golden dragons
  Jory (Vaults:5)
  5 bone dragons
  3 hellephants (Depths:4)
  11 tentacled monstrosities
  Rupert (Lair:4)
  4 liches
  The ghost of holysushi the Evangelist, an adept HOMo of Beogh (Elf:3)
  Zenata (Vaults:3)
  A walking crystal tome (Depths:2)
  Asterion (Snake:3)
  A Hell Sentinel (Abyss:3)
  4 deep elf blademasters (Elf:3)
  A walking earthen tome (Depths:2)
  A walking divine tome (Depths:4)
  A quicksilver dragon (Zot:1)
  5 deep elf master archers (Elf:3)
  8 tentacled starspawn
  A walking frostbound tome (Depths:2)
  A kraken (Shoals:4)
  A sphinx (shapeshifter) (Vaults:5)
  2 death cobs (Zot:1)
  7 sphinxes
  Agnes (D:14)
  5 storm dragons
  10 tengu reavers
  5 shadow dragons
  Kirke (D:14)
  A daeva (Depths:4)
  5 nagarajas (Snake:4)
  A draconian knight (Zot:1)
  8 fire giants
  A revenant (Abyss:3)
  A draconian monk (Depths:4)
  Ilsuiw (Shoals:2)
  18 vault wardens
  2 iron dragons
  7 frost giants
  7 deep elf sorcerers
  An angel (Depths:4)
  3 spectral caustic shrikes (Depths:3)
  A draconian stormcaller (Depths:4)
  Aizul (Snake:4)
  3 deep elf elementalists (Elf:3)
  Louise (Depths:3)
  17 very ugly things
  A draconian shifter (Depths:4)
  20 stone giants
  4 war gargoyles
  A caustic shrike skeleton (Abyss:3)
  3 ironbound thunderhulks
  A green draconian (Depths:4)
  19 ironbound preservers
  3 deep elf demonologists (Elf:3)
  2 white draconians (Depths:4)
  5 deep elf annihilators
  5 vampire knights
  2 red draconians
  10 spark wasps
  Snorg (Lair:4)
  7 deep elf death magi (Elf:3)
  5 dire elephants
  Josephine (Lair:4)
  The ghost of hollowman the Summoner, a journeyman TeBr of Fedhas (Lair:5)
  An entropy weaver (shapeshifter) (Abyss:3)
  An entropy weaver (Vaults:3)
  11 ettins
  3 merfolk javelineers
  18 yaktaur captains
  7 great orbs of eyes
  2 deep elf high priests
  10 fire dragons
  10 merfolk impalers
  3 hydras
  A caustic shrike simulacrum (IceCv)
  5 rakshasas
  4 ice dragons
  5 ogre magi
  A spriggan zombie (Depths:1)
  37 vault guards
  A quicksilver dragon skeleton (Depths:1)
  4 spriggan air magi
  A salamander tyrant (Snake:3)
  4 catoblepae (Lair:5)
  9 ironbound frosthearts
  A peacekeeper (Vaults:4)
  7 alligator snapping turtles
  An anaconda (Snake:4)
  2 boulder beetles
  29 dancing weapons
  7 centaur warriors
  3 merfolk avatars
  17 two-headed ogres
  4 merfolk aquamancers
  13 hell hogs
  16 deep troll shamans
  3 satyrs
  10 death yaks (Lair:5)
  The ghost of ytrimaz the Fighter, a novice TrTm of Makhleb (D:8)
  2 tengu warriors
  An orc high priest (Vaults:2)
  9 naga warriors
  4 thrashing horrors
  4 spriggan berserkers
  13 deep troll earth magi
  Nergalle (D:11)
  18 naga sharpshooters
  A sun demon (Abyss:3)
  Urug (Orc:2)
  17 hell knights
  2 spriggans (Depths:3)
  8 shock serpents
  5 skysharks
  6 wretched stars (Abyss:3)
  12 deep elf knights
  5 sixfirhies
  6 salamander mystics
  A storm dragon skeleton (Depths:1)
  76 deep trolls
  7 iron trolls
  3 shadow demons
  6 glowing orange brains
  A flayed ghost (Depths:2)
  19 sea snakes
  7 wizards
  5 orc knights
  17 ironbound convokers
  9 lindwurms (Vaults:1)
  8 deep elf archers
  16 deep elf pyromancers
  7 naga ritualists
  21 harpies
  A wolf spider (Vaults:5)
  14 necromancers
  5 phantasmal warriors
  10 starcursed masses (Abyss:3)
  2 steelbarb worms (shapeshifter)
  23 ugly things
  A frost giant zombie (Depths:1)
  A wolf spider zombie (D:15)
  13 fauns
  8 mana vipers
  3 orc sorcerers
  25 deep elf zephyrmancers
  A stone giant zombie (Depths:1)
  15 salamanders
  A faun (shapeshifter) (Vaults:3)
  A manticore (shapeshifter) (Abyss:3)
  A cyclops (shapeshifter) (Vaults:4)
  30 manticores
  4 moths of wrath
  An apocalypse crab (Abyss:3)
  34 black mambas
  A demonic crawler (Abyss:3)
  10 cyclopes
  A centaur zombie (D:15)
  A rust devil (Abyss:2)
  4 water nymphs
  5 worldbinders
  14 merfolk sirens
  22 vault sentinels
  19 naga magi
  5 elephants (Lair:5)
  An orange demon (Abyss:2)
  2 torpor snails (Lair:4)
  3 guardian serpents
  A centaur skeleton (D:15)
  An ice statue (Depths:2)
  4 smoke demons (Abyss:3)
  A komodo dragon (shapeshifter) (Depths:2)
  17 large abominations
  10 cane toads
  3 rime drakes
  2 hellions
  2 unseen horrors
  4 kobold demonologists
  30 yaktaurs
  An anaconda simulacrum (IceCv)
  2 spriggan skeletons (Depths:1)
  An ice devil (Abyss:3)
  5 freezing wraiths
  9 komodo dragons
  4 tengu conjurers
  3 efreet
  2 golden dragon simulacra (IceCv)
  A red devil (Depths:2)
  8 ancient zymes
  A hellwing (Abyss:3)
  6 trolls
  31 merfolk
  4 hornets
  A wind drake (shapeshifter) (D:13)
  5 wind drakes
  A blink frog (shapeshifter) (Abyss:3)
  A polar bear (Lair:5)
  2 saltlings (Elf:2)
  4 raiju
  16 blink frogs
  A snapping turtle (shapeshifter) (Depths:2)
  9 snapping turtles
  A tarantella (shapeshifter) (Vaults:5)
  6 dream sheep (Shoals:1)
  39 slime creatures
  3 centaur simulacra
  3 shadows
  A jumping spider (shapeshifter) (Vaults:5)
  2 vampires
  8 wraiths
  4 fire bats (Abyss:3)
  4 ynoxinuls (Abyss:3)
  2 air elementals
  4 wyverns
  12 water elementals
  73 yaks
  2 fire elementals
  6 golden eyes (Abyss:3)
  Grum (D:11)
  22 humans
  5 basilisks
  4 neqoxecs
  A steam dragon (D:7)
  A hog (D:14)
  2 redbacks (Vaults:3)
  Eustachio (D:5)
  11 chaos spawn
  Menkaure (D:6)
  39 nagas
  6 wargs
  A harpy simulacrum (IceCv)
  2 acid dragons
  A hydra simulacrum (IceCv)
  15 water moccasins
  2 floating eyes (Depths:2)
  Duvessa (D:6)
  4 ice beasts
  4 sky beasts
  30 orc warriors
  17 wolves
  An ettin simulacrum (IceCv)
  32 ogres
  5 black bears
  2 phantoms (D:6)
  9 centaurs
  8 kobold brigands
  A gnoll sergeant (D:8)
  10 bullfrogs
  An elf zombie (Ossuary)
  5 scorpions
  12 small abominations
  3 earth elementals
  4 wights (D:10)
  Dowan (D:6)
  12 killer bees
  A lindwurm simulacrum (IceCv)
  2 howler monkeys (D:7)
  A crimson imp (D:14)
  A human zombie (Ossuary)
  2 quasits (Abyss:3)
  A hound (D:6)
  12 orc priests
  2 iron imps (Abyss:3)
  3 sleepcaps
  Crazy Yiuf (D:2)
  4 iguanas
  23 orc wizards
  3 hound zombies (Ossuary)
  4 mummies (Ossuary)
  6 gnolls
  8 adders
  2 shadow imps
  3 ufetubi
  An adder zombie (Ossuary)
  3 worms
  4 dart slugs
  88 orcs
  2 ball pythons
  20 bats
  6 endoplasms
  7 giant cockroaches
  4 goblins
  7 hobgoblins
  7 jackals
  18 kobolds
  4 quokkas
  2 frilled lizards
  A gnoll zombie (Ossuary)
  2 hobgoblin zombies (Ossuary)
  3 kobold zombies (Ossuary)
  8 rats
  2 rat zombies (D:8)
  A spectral orc (D:9)
  A fungus (Depths:2)
  A lurking horror (Abyss:3)
  14 starspawn tentacles
  6 tentacles (Shoals:4)
2052 creatures vanquished.

Vanquished Creatures (others)
  2 draconian knights (Zot:1)
  A frost giant (Depths:3)
  A wizard (D:15)
  A phantasmal warrior (Abyss:3)
  2 small abominations
  A chaos spawn (Abyss:3)
  An orc (Orc:2)
  A bush (D:8)
  25 fungi
  90 plants
  35 starspawn tentacles
  6 tentacles (Shoals:4)
  6 toadstools (Depths:2)
172 creatures vanquished.

Grand Total: 2224 creatures vanquished

Notes
Turn   | Place    | Note
-------+----------+-------------------------------------------
     0 | D:1      | Kauriferous the Minotaur Fighter began the quest for the
                  | Orb.
     0 | D:1      | Reached XP level 1. HP: 19/19 MP: 0/0
    80 | D:1      | Reached XP level 2. HP: 27/27 MP: 1/1
    83 | D:1      | Found a snail-covered altar of Cheibriados.
   450 | D:1      | Reached XP level 3. HP: 29/33 MP: 2/2
   921 | D:2      | Found a runed translucent door.
   922 | D:2      | Noticed Crazy Yiuf
   927 | D:2      | Killed Crazy Yiuf
   928 | D:2      | Reached XP level 4. HP: 10/41 MP: 3/3
  1222 | D:2      | Noticed Sigmund
  1300 | D:3      | Found Kidil's General Store.
  1493 | D:3      | Reached XP level 5. HP: 47/47 MP: 4/4
  1606 | D:3      | Found a shadowy altar of Dithmenos.
  1649 | D:3      | Found a faded altar of an unknown god.
  1875 | D:3      | Found the +1 Delatra's gloves {ID++}
  1885 | D:3      | Reached skill level 5 in Fighting
  1885 | D:3      | Reached skill level 5 in Armour
  1885 | D:3      | Reached skill level 5 in Shields
  1915 | D:3      | Identified the +0 robe of Watchfulness {Dex+5 Slay+3}
  2036 | D:3      | Found a sparkling altar of Nemelex Xobeh.
  2218 | D:4      | Reached XP level 6. HP: 56/56 MP: 5/5
  2219 | D:4      | Found a staircase to the Ecumenical Temple.
  2239 | Temple   | Entered the Ecumenical Temple
  2282 | Temple   | Became a worshipper of Warmaster Okawaru
  2870 | D:4      | Found a bloodstained altar of Trog.
  2905 | D:4      | Noticed a sky beast
  3104 | D:5      | Entered Level 5 of the Dungeon
  3109 | D:5      | Noticed Eustachio
  3122 | D:4      | Reached skill level 5 in Axes
  3207 | D:5      | Reached XP level 7. HP: 39/62 MP: 6/6
  3212 | D:5      | Killed Eustachio
  3672 | D:5      | Reached * piety under Okawaru
  4326 | D:6      | Reached XP level 8. HP: 49/71 MP: 7/7
  4569 | D:6      | Reached ** piety under Okawaru
  4586 | D:6      | Reached skill level 1 in Invocations
  4601 | D:6      | Found the +11 Singing Sword {sonic wave}
  4749 | D:6      | Noticed Menkaure
  4753 | D:6      | Killed Menkaure
  4898 | D:6      | Noticed Dowan
  4899 | D:6      | Noticed Duvessa
  4916 | D:6      | Killed Duvessa
  4917 | D:6      | Killed Dowan
  4990 | D:6      | Found a blossoming altar of Fedhas.
  5181 | D:7      | Reached XP level 9. HP: 34/81 MP: 6/9
  5181 | D:7      | Reached *** piety under Okawaru
  6031 | D:8      | Found a sacrificial altar of Ru.
  6032 | D:8      | Noticed Maurice
  6075 | D:8      | Maurice changed into Maurice the sky beast
  6075 | D:8      | Noticed Maurice
  6084 | D:8      | Killed Maurice the sky beast
  6084 | D:8      | Reached **** piety under Okawaru
  6174 | D:8      | Found an ancient bone altar of Kikubaaqudgha.
  6280 | D:8      | Found a sand-covered staircase.
  6287 | Ossuary  | Entered an ossuary
  6713 | D:8      | Reached XP level 10. HP: 91/91 MP: 12/12
  6985 | D:8      | Found a transporter.
  6993 | D:8      | Found a bloodstained altar of Trog.
  6994 | D:8      | Noticed a moth of wrath
  6994 | D:8      | Noticed ytrimaz's ghost (novice TrTm)
  6995 | D:8      | Noticed a two-headed ogre
  7013 | D:8      | Found a transporter.
  7191 | D:8      | Found an opulent altar of Gozag.
  7607 | D:9      | Found a burning altar of Makhleb.
  7642 | D:9      | Noticed a soul eater
  7646 | D:9      | Reached skill level 5 in Invocations
  7901 | D:9      | Reached skill level 10 in Shields
  8023 | D:9      | Reached skill level 10 in Fighting
  8023 | D:9      | Reached skill level 10 in Armour
  8066 | D:9      | Reached ***** piety under Okawaru
  8163 | D:9      | Found a glowing golden altar of the Shining One.
  8227 | D:9      | Found a basalt altar of Yredelemnul.
  8360 | D:10     | Entered Level 10 of the Dungeon
  8399 | D:10     | Found a staircase to the Orcish Mines.
  8425 | D:10     | Reached skill level 1 in Throwing
  8706 | D:10     | Found a shimmering altar of Xom.
  8875 | D:10     | Reached XP level 11. HP: 98/99 MP: 10/13
  8878 | D:10     | Reached skill level 10 in Axes
  9111 | D:10     | Found a snail-covered altar of Cheibriados.
  9400 | D:11     | Found a staircase to the Lair.
  9579 | D:11     | Identified the +9 sling "Tormentor" {elec, Int+2}
  9986 | D:11     | Noticed Nergalle
 10003 | D:11     | Noticed a spectral orc warlord
 10007 | D:11     | Killed Nergalle
 10007 | D:11     | Received a gift from Okawaru
 10118 | D:11     | Noticed Grum
 10135 | D:11     | Killed Grum
 10135 | D:11     | Reached ****** piety under Okawaru
 10689 | Lair:1   | Entered Level 1 of the Lair of Beasts
 10698 | Lair:1   | Identified the +0 plate armour "Fairen" {MP+9} (Okawaru
                  | gifted it to you on level 1 of the Lair of Beasts)
 10698 | Lair:1   | Received a gift from Okawaru
 11235 | Lair:1   | You are sucked into a shaft and drop 1 floor!
 11235 | Lair:2   | Noticed a skyshark
 11258 | Lair:2   | Killed a skyshark
 11610 | Lair:1   | Reached XP level 12. HP: 51/110 MP: 14/14
 12157 | Lair:1   | Reached skill level 5 in Throwing
 12487 | Lair:2   | Noticed a five-headed hydra
 12921 | Lair:2   | Found a staircase to the Shoals.
 13233 | Lair:3   | Identified the +1 ring mail "Peyc" {rElec rN+ Str+3}
                  | (Okawaru gifted it to you on level 3 of the Lair of Beasts)
 13233 | Lair:3   | Received a gift from Okawaru
 14090 | Lair:3   | Found a staircase to the Snake Pit.
 14636 | Lair:4   | Identified the +6 quarterstaff of the Black Skies {flame,
                  | rN+}
 14753 | Lair:4   | Noticed Josephine
 14773 | Lair:4   | Killed Josephine
 14776 | Lair:4   | Received a gift from Okawaru
 15021 | Lair:4   | Reached XP level 13. HP: 105/118 MP: 16/16
 15244 | Lair:4   | Identified the +3 broad axe of Throat {spect, Contam Str+4}
                  | (Okawaru gifted it to you on level 4 of the Lair of Beasts)
 15244 | Lair:4   | Received a gift from Okawaru
 15292 | Lair:4   | Upgraded the game from 0.30-a0-1018-g25214051b3 to
                  | 0.30-a0-1035-g38d5fb2972
 15301 | Lair:4   | Identified a scroll of acquirement
 15301 | Lair:4   | Acquired a ring of poison resistance
 15335 | Lair:4   | Noticed Snorg
 15345 | Lair:4   | Killed Snorg
 15413 | Lair:4   | Noticed Rupert
 15431 | Lair:4   | Killed Rupert
 15742 | Lair:5   | Entered Level 5 of the Lair of Beasts
 15843 | Lair:5   | Received a gift from Okawaru
 16226 | Lair:5   | Identified the +10 ring mail of Gravity {rC++} (Okawaru
                  | gifted it to you on level 5 of the Lair of Beasts)
 16226 | Lair:5   | Received a gift from Okawaru
 16683 | Lair:5   | Reached XP level 14. HP: 124/132 MP: 19/19
 16768 | Lair:5   | Identified the +2 kite shield of Poor Excuses {Rampage
                  | rElec Str+2 Int+2} (Okawaru gifted it to you on level 5 of
                  | the Lair of Beasts)
 16768 | Lair:5   | Received a gift from Okawaru
 17138 | Lair:5   | Gained mutation: You are weak. (Str -2) [mutagenic glow]
 17283 | Lair:5   | Found a staircase to the Slime Pits.
 17283 | Lair:5   | Found a viscous altar of Jiyva.
 18156 | Lair:5   | Found a runed translucent door.
 18157 | Lair:5   | Noticed hollowman's ghost (journeyman TeBr)
 18188 | Lair:5   | Killed hollowman's ghost
 18252 | Lair:5   | Acquired 884 gold pieces
 18741 | D:8      | Killed ytrimaz's ghost
 18961 | Orc:1    | Entered Level 1 of the Orcish Mines
 19155 | Orc:1    | Found Roegauta's Assorted Antiques.
 19164 | Orc:1    | Bought a scroll of teleportation for 102 gold pieces
 19164 | Orc:1    | Bought a scroll of identify for 68 gold pieces
 19164 | Orc:1    | Bought a potion of curing for 102 gold pieces
 19395 | Orc:2    | Entered Level 2 of the Orcish Mines
 19395 | Orc:2    | Noticed Urug
 19408 | Orc:2    | Killed Urug
 20203 | Orc:2    | Paralysed by an ogre mage for 3 turns
 20476 | Orc:1    | Reached skill level 15 in Axes
 20476 | Orc:1    | Reached skill level 15 in Armour
 20476 | Orc:1    | Reached skill level 15 in Shields
 20647 | Orc:2    | Paralysed by an orc sorcerer for 4 turns
 20658 | Orc:1    | Reached skill level 15 in Fighting
 20742 | Orc:1    | Received a gift from Okawaru
 20772 | Orc:1    | Paralysed by an ogre mage for 5 turns
 20787 | Orc:2    | Paralysed by an ogre mage for 3 turns
 21829 | Orc:2    | Found a staircase to the Elven Halls.
 21996 | Orc:2    | Found Caosch's Weapon Emporium.
 21996 | Orc:2    | Found Moepaup's Magic Scroll Shop.
 21997 | Orc:2    | Found Yrout's Jewellery Boutique.
 21997 | Orc:2    | Found Sycinnef's Distillery.
 22004 | Orc:2    | Bought a scroll of teleportation for 39 gold pieces
 22004 | Orc:2    | Bought 3 scrolls of identify for 78 gold pieces
 22004 | Orc:2    | Bought a scroll of brand weapon for 123 gold pieces
 22009 | Orc:2    | Bought a potion of invisibility for 112 gold pieces
 22009 | Orc:2    | Bought a potion of heal wounds for 70 gold pieces
 22009 | Orc:2    | Bought a potion of heal wounds for 70 gold pieces
 22009 | Orc:2    | Bought a potion of might for 56 gold pieces
 22009 | Orc:2    | Bought a potion of haste for 140 gold pieces
 22113 | Orc:2    | Found Deqonung's Distillery.
 22189 | Orc:2    | Bought a potion of haste for 140 gold pieces
 22189 | Orc:2    | Bought a potion of might for 56 gold pieces
 22189 | Orc:2    | Bought a potion of mutation for 112 gold pieces
 22189 | Orc:2    | Bought a potion of cancellation for 112 gold pieces
 22215 | Orc:2    | Bought a ring of resist corrosion for 280 gold pieces
 22215 | Orc:2    | Bought the amulet of Darkness {Faith Str+3 Slay+2} for 863
                  | gold pieces
 23072 | D:12     | Reached XP level 15. HP: 129/141 MP: 20/20
 23680 | D:3      | Bought a potion of heal wounds for 65 gold pieces
 24093 | D:13     | Identified the +1 quarterstaff of the Sea {heavy, rC- rCorr
                  | Int+4}
 24160 | D:13     | Received a gift from Okawaru
 24349 | D:13     | Found a gate to the Vaults.
 25023 | D:13     | Found Kixu's General Store.
 25040 | D:13     | Received a gift from Okawaru
 25342 | D:14     | Noticed Kirke
 25391 | D:14     | Killed Kirke
 25590 | D:14     | Received a gift from Okawaru
 25759 | D:14     | Noticed Agnes
 25770 | D:14     | Killed Agnes
 25865 | D:14     | Identified the +0 scale mail "Posuf" {Will+}
 26033 | D:15     | Entered Level 15 of the Dungeon
 26169 | D:15     | Received a gift from Okawaru
 26259 | D:15     | Found an iron altar of Okawaru.
 26340 | D:15     | Identified the +3 scale mail of Grim Freedom {rF+ Str+3}
 26545 | D:15     | Found Nonaot's General Store.
 26551 | D:15     | Bought a potion of haste for 180 gold pieces
 26611 | D:15     | Received a gift from Okawaru
 26752 | D:15     | Found a staircase to the Depths.
 27625 | Snake:1  | Entered Level 1 of the Snake Pit
 27632 | Snake:1  | Received a gift from Okawaru
 27632 | Snake:1  | Found the +10 tower shield of Ignorance {rN+ Int-4}
 27970 | Snake:1  | Found Mesausuu's Antique Armour Shoppe.
 28126 | Snake:1  | Found a basalt altar of Yredelemnul.
 28215 | Snake:1  | Reached XP level 16. HP: 128/152 MP: 21/21
 28393 | Snake:1  | Acquired the ring "Suntatt" {rC+ Str-2 Int+9 Slay+2}
 29008 | Snake:1  | Identified the +5 ring mail of Yzubott {rCorr Dex+7}
 29176 | Snake:2  | Received a gift from Okawaru
 29319 | Snake:2  | Identified the +1 scale mail of the Cuttlefish {Int+4}
                  | (Okawaru gifted it to you on level 2 of the Snake Pit)
 29319 | Snake:2  | Received a gift from Okawaru
 29354 | Snake:2  | Identified the +6 whip of Forgiveness {freeze, rC+ SInv}
 29408 | Snake:2  | Identified the +1 pair of boots "Vuapimp" {rC+}
 29620 | Snake:2  | Found a frozen archway.
 29628 | IceCv    | Entered an ice cave
 29834 | IceCv    | Found a transporter.
 29841 | IceCv    | Found a transporter.
 30893 | Snake:3  | Noticed Asterion
 31176 | Snake:3  | Found Valyih's Jewellery Shoppe.
 31196 | Snake:3  | Found Zezed's Antique Armour Shoppe.
 31204 | Snake:3  | Found Fucunuat's Assorted Antiques.
 31241 | Snake:4  | Entered Level 4 of the Snake Pit
 31682 | Snake:4  | Identified the +9 plate armour "Muhitopru" {MP+9 SInv}
                  | (Okawaru gifted it to you on level 4 of the Snake Pit)
 31682 | Snake:4  | Received a gift from Okawaru
 32039 | Snake:4  | Identified the +3 pair of boots "Bemoce" {rF+}
 32369 | Snake:4  | Noticed Aizul
 32381 | Snake:4  | Killed Aizul
 33085 | Snake:4  | Reached XP level 17. HP: 160/162 MP: 23/23
 33523 | Snake:4  | Received a gift from Okawaru
 33701 | Snake:4  | Received a gift from Okawaru
 33877 | Snake:4  | Got a serpentine rune of Zot
 34585 | Snake:3  | Killed Asterion
 34586 | Snake:3  | Reached skill level 10 in Invocations
 35086 | Snake:3  | Bought the ring "Trusted Companion" {Fire Will+ Int+3
                  | Slay+3} for 678 gold pieces
 35204 | Shoals:1 | Entered Level 1 of the Shoals
 35208 | Shoals:1 | Identified the +1 ring mail of the Cuttlefish {rCorr Str+3
                  | SInv} (Okawaru gifted it to you on level 1 of the Shoals)
 35208 | Shoals:1 | Received a gift from Okawaru
 36182 | Shoals:2 | Noticed Ilsuiw
 36201 | Shoals:2 | Killed Ilsuiw
 36429 | Shoals:2 | Upgraded the game from 0.30-a0-1035-g38d5fb2972 to
                  | 0.30-a0-1043-g60ff8d5f49
 36506 | Shoals:2 | Identified the +1 robe of the Boiling Point {Str+3}
 36939 | Shoals:2 | Identified the +5 broad axe of Understanding {protect,
                  | Int+5} (Okawaru gifted it to you on level 2 of the Shoals)
 36939 | Shoals:2 | Received a gift from Okawaru
 37732 | Shoals:3 | Identified the +0 pair of gloves "Meerreqieh" {rF+}
 38096 | Shoals:3 | Found the ring of the Octopus King
 38107 | Shoals:3 | Reached XP level 18. HP: 168/173 MP: 25/25
 38113 | Shoals:3 | Identified a ring of the Octopus King {rC+ HP+2 AC+2 EV+2
                  | SH+2}
 38327 | Shoals:3 | Identified the -2 cloak of Okawaru's Generosity {rF+++ rN+
                  | Will- Str-5} (Okawaru gifted it to you on level 3 of the
                  | Shoals)
 38327 | Shoals:3 | Received a gift from Okawaru
 38821 | Shoals:4 | Entered Level 4 of the Shoals
 38942 | Shoals:4 | Noticed Bai Suzhen
 39504 | Shoals:4 | Identified the +9 spear "Minotaur's Curse" {drain, Int+3}
 39792 | Shoals:4 | Killed Bai Suzhen
 39808 | Shoals:4 | Reached skill level 10 in Throwing
 40056 | Shoals:4 | Received a gift from Okawaru
 41169 | Shoals:4 | Got the Atlas of Striking
 41297 | Shoals:4 | Got a barnacled rune of Zot
 41581 | D:13     | Bought 2 potions of curing for 96 gold pieces
 41691 | Elf:1    | Entered Level 1 of the Elven Halls
 42327 | Vaults:1 | Entered Level 1 of the Vaults
 42712 | Snake:3  | Bought a scroll of enchant weapon for 232 gold pieces
 43003 | Vaults:1 | Identified the +2 pair of gloves of Infinity {Dex+2}
                  | (Okawaru gifted it to you on level 1 of the Vaults)
 43003 | Vaults:1 | Received a gift from Okawaru
 43064 | Vaults:1 | Reached skill level 1 in Evocations
 43808 | Vaults:1 | Reached XP level 19. HP: 183/183 MP: 27/27
 44182 | Vaults:1 | You are sucked into a shaft and drop 1 floor!
 44209 | Vaults:2 | Noticed Margery
 44210 | Arena    | Entered the Arena
 44314 | Vaults:2 | Received a gift from Okawaru
 44322 | Vaults:2 | Killed Margery
 44668 | Vaults:2 | Noticed Saint Roka
 44675 | Abyss:2  | Cast into level 2 of the Abyss (a wizard)
 45128 | Vaults:2 | Escaped the Abyss
 45151 | Vaults:2 | Killed Saint Roka
 45779 | Vaults:2 | Reached skill level 5 in Evocations
 46743 | Vaults:2 | Received a gift from Okawaru
 47253 | Vaults:3 | Paralysed by a great orb of eyes for 2 turns
 47319 | Vaults:3 | Noticed Zenata
 47348 | Vaults:3 | Killed Zenata
 47712 | Vaults:3 | Found a staircase to the Crypt.
 47712 | Vaults:3 | Found an ancient bone altar of Kikubaaqudgha.
 47713 | Vaults:3 | Found a basalt altar of Yredelemnul.
 47818 | Vaults:3 | Identified the +2 pair of gloves of Kiloij {Contam +Inv
                  | Regen+} (Okawaru gifted it to you on level 3 of the Vaults)
 47818 | Vaults:3 | Received a gift from Okawaru
 48256 | Vaults:3 | Reached XP level 20. HP: 195/195 MP: 28/28
 49271 | Vaults:4 | Noticed Xtahua
 49280 | Vaults:4 | Paralysed by Xtahua for 4 turns
 49285 | Vaults:4 | Killed Xtahua
 49393 | Vaults:4 | Identified the +1 hat of the Neverending Quests {Drain rN+
                  | Int+5} (Okawaru gifted it to you on level 4 of the Vaults)
 49393 | Vaults:4 | Received a gift from Okawaru
 50651 | Vaults:5 | Entered Level 5 of the Vaults
 50881 | Depths:1 | Entered Level 1 of the Depths
 51015 | Depths:1 | Identified the +4 executioner's axe of Salt {spect, rF+}
                  | (Okawaru gifted it to you on level 1 of the Depths)
 51015 | Depths:1 | Received a gift from Okawaru
 51158 | Depths:1 | Found a gateway to Hell.
 51193 | Depths:1 | Acquired 788 gold pieces
 51581 | Depths:1 | Noticed Sojobo
 51760 | Depths:1 | Killed Sojobo
 51760 | Depths:1 | Received a gift from Okawaru
 51792 | Depths:1 | Found a portal to a secret trove of treasure.
 52226 | Orc:2    | Bought a +6 ring of strength for 504 gold pieces
 52396 | Depths:1 | Found a shimmering blue altar of Sif Muna.
 52861 | Depths:1 | You paid a toll of +3 fire dragon scales to enter a
                  | treasure trove
 52862 | Trove    | Entered a treasure trove
 52864 | Trove    | Identified the amulet "Wemor" {RegenMP Int+3}
 52874 | Trove    | Identified the amulet of Day {Acrobat Rampage +Blink rCorr}
 52878 | Trove    | Identified the amulet of Yroam {Acrobat rC+ rCorr Dex+8}
 52891 | Trove    | Identified the ring "Gomudd" {rF+ Dex+2}
 52893 | Trove    | Identified the ring "Udypsuho" {Fly Dex+3}
 52895 | Trove    | Identified the amulet of Circularity {Acrobat Rampage
                  | Dex+3}
 52964 | Depths:1 | Found a one-way gate to the infinite horrors of the Abyss.
 53106 | Depths:2 | Reached XP level 21. HP: 183/206 MP: 29/29
 53355 | Depths:2 | Paralysed by a floating eye for 4 turns
 53448 | Depths:2 | Found Kugizu Qium's Antique Weapon Emporium.
 53458 | Depths:2 | Found Qergh's Weapon Boutique.
 53549 | Depths:2 | Found a one-way gate leading to the halls of Pandemonium.
 53671 | Depths:2 | Found a runed translucent door.
 53673 | Depths:2 | Found a runed translucent door.
 53697 | Depths:2 | Found a runed translucent door.
 53704 | Depths:2 | Identified the ring "Idep" {MP+9 Slay+4}
 53726 | Depths:2 | Received a gift from Okawaru
 53936 | Depths:2 | Received a gift from Okawaru
 54388 | Depths:2 | Found a gateway to a bazaar.
 54415 | Bazaar   | Entered a bazaar
 54415 | Bazaar   | Found Suix's Assorted Antiques.
 54415 | Bazaar   | Found Lusoum's Magic Scroll Emporium.
 54421 | Bazaar   | Bought a runed battleaxe for 247 gold pieces
 54421 | Bazaar   | Bought a sparkling glass ring for 130 gold pieces
 54421 | Bazaar   | Identified the ring of Meuge {Wiz rElec rF+ Int+2} (You
                  | bought it in a shop in a bazaar)
 54424 | Bazaar   | Found Fith's Weapon Shoppe.
 54427 | Bazaar   | Bought a scroll of teleportation for 51 gold pieces
 54427 | Bazaar   | Bought a scroll of silence for 161 gold pieces
 54427 | Bazaar   | Bought a scroll of enchant armour for 127 gold pieces
 54427 | Bazaar   | Bought a scroll of fear for 68 gold pieces
 54457 | Bazaar   | Found Suhac's Weapon Boutique.
 54465 | Bazaar   | Found Qimuny's Assorted Antiques.
 54478 | Bazaar   | Bought a scroll of noise for 19 gold pieces
 54478 | Bazaar   | Bought a potion of curing for 57 gold pieces
 54478 | Bazaar   | Bought a wand of flame (12) for 159 gold pieces
 54478 | Bazaar   | Bought a wand of mindburst (10) for 266 gold pieces
 54792 | Depths:3 | Identified the amulet "Quoc" {RegenMP Str+4}
 54809 | Depths:3 | Noticed a golden dragon
 54827 | Depths:3 | Killed a golden dragon
 54878 | Depths:3 | Noticed a golden dragon
 54889 | Depths:3 | Noticed a golden dragon
 54912 | Depths:3 | Killed a golden dragon
 54913 | Depths:3 | Reached skill level 10 in Evocations
 54948 | Depths:3 | Killed a golden dragon
 54948 | Depths:3 | Received a gift from Okawaru
 55291 | Depths:3 | Received a gift from Okawaru
 55553 | Depths:3 | Noticed Louise
 55562 | Depths:3 | Killed Louise
 56216 | Depths:4 | Entered Level 4 of the Depths
 56297 | Depths:4 | Identified the +7 dagger of Fedhas's Supremacy {vamp, Int+4
                  | SInv}
 56414 | Depths:4 | Found Wizobona's Assorted Antiques.
 56438 | Depths:4 | Found Takoda's Magic Scroll Shop.
 56440 | Depths:4 | Bought a scroll of teleportation for 66 gold pieces
 56440 | Depths:4 | Bought a potion of curing for 66 gold pieces
 56440 | Depths:4 | Bought a potion of mutation for 176 gold pieces
 56440 | Depths:4 | Bought a scroll of fog for 88 gold pieces
 56440 | Depths:4 | Bought a glowing broad axe for 154 gold pieces
 56473 | Depths:4 | Found a one-way gateway to a ziggurat.
 56514 | Depths:4 | Reached XP level 22. HP: 139/217 MP: 30/30
 56517 | Depths:4 | Identified the +8 chain mail of Experimentation {rF+}
                  | (Okawaru gifted it to you on level 4 of the Depths)
 56517 | Depths:4 | Received a gift from Okawaru
 56760 | Depths:4 | Identified the ring "Kaubb" {*Slow Fly Int+7 Dex+2}
 57247 | Depths:4 | Found a gate to the Realm of Zot.
 57350 | Depths:4 | Identified the +6 arbalest "Beastbane" {drain, Will+ Dex+2}
 57961 | Elf:1    | You fall into a shaft and drop 1 floor!
 58288 | Elf:2    | Found a runed translucent gate.
 58288 | Elf:2    | Found a runed translucent gate.
 58289 | Elf:2    | Found a runed translucent gate.
 58422 | Elf:2    | Identified the +4 scale mail "Pelevech" {rC++} (Okawaru
                  | gifted it to you on level 2 of the Elven Halls)
 58422 | Elf:2    | Received a gift from Okawaru
 58551 | Elf:2    | Paralysed by an air elemental for 1 turns
 58554 | Elf:2    | Paralysed by an air elemental for 1 turns
 58840 | Elf:3    | Entered Level 3 of the Elven Halls
 58866 | Elf:3    | Found a runed translucent door.
 58937 | Elf:3    | Found a large runed translucent door.
 58938 | Elf:3    | Found a large runed translucent door.
 58941 | Elf:3    | Noticed holysushi's ghost (adept HOMo)
 59030 | Elf:3    | Paralysed by an air elemental for 1 turns
 59413 | Abyss:2  | Cast into level 2 of the Abyss (a deep elf sorcerer)
 59878 | Abyss:3  | Noticed an ancient lich
 59895 | Abyss:3  | Killed an ancient lich
 59959 | Abyss:3  | Received a gift from Okawaru
 59965 | Elf:3    | Escaped the Abyss
 59967 | Arena    | Entered the Arena
 60210 | Elf:3    | Killed holysushi's ghost
 60211 | Elf:3    | Reached XP level 23. HP: 229/229 MP: 31/31
 60616 | Elf:3    | Identified the +4 battleaxe of Eniaxt {antimagic, rElec
                  | Str+2}
 60616 | Elf:3    | Identified the amulet of Vippevic {RegenMP rC+ Slay+2}
 60733 | Elf:3    | Got Sif Muna's Precepts of the Morgue
 60818 | Elf:3    | Identified the amulet of Nisaq {rF- Will+ Regen+ rCorr}
 60851 | Elf:3    | Found the +3 pair of mountain boots {steadfast, rC+}
 60861 | Elf:3    | Got Simple Sorcery
 60937 | Elf:3    | Identified the +0 cloak of the Louse {rPois}
 60941 | Elf:3    | Identified the +8 falchion of Faukkoh {freeze, rPois rC-
                  | rCorr Int+4}
 60950 | Elf:3    | Identified the staff of cold "Pahac" {rC+ Dex+5}
 61080 | Elf:3    | Received a gift from Okawaru
 61524 | Vaults:4 | Received a gift from Okawaru
 61681 | Vaults:5 | Noticed Jory
 61702 | Vaults:5 | Killed Jory
 61800 | Vaults:5 | Received a gift from Okawaru
 61941 | Vaults:5 | Received a gift from Okawaru
 61991 | Vaults:5 | Received a gift from Okawaru
 62085 | Vaults:4 | Identified the +8 scale mail of Lesser Demons {Harm rN+
                  | Will+ Str+3} (Okawaru gifted it to you on level 4 of the
                  | Vaults)
 62085 | Vaults:4 | Received a gift from Okawaru
 62196 | Arena    | Entered the Arena
 62496 | Vaults:5 | Found Omeits's Magic Scroll Shop.
 62497 | Vaults:5 | Found Kiohyrom's Antique Armour Emporium.
 62504 | Vaults:5 | Bought an embroidered scarf for 240 gold pieces
 62508 | Vaults:5 | Bought a scroll of teleportation for 42 gold pieces
 62508 | Vaults:5 | Bought a scroll of enchant weapon for 105 gold pieces
 62508 | Vaults:5 | Bought a scroll of teleportation for 42 gold pieces
 62508 | Vaults:5 | Bought a scroll of blinking for 105 gold pieces
 62508 | Vaults:5 | Bought a scroll of teleportation for 42 gold pieces
 62508 | Vaults:5 | Bought a scroll of teleportation for 42 gold pieces
 62516 | Vaults:5 | Found Ryjeklib's General Store.
 62520 | Vaults:5 | Got a silver rune of Zot
 62535 | Vaults:5 | Bought 6 atropa-tipped darts for 91 gold pieces
 62535 | Vaults:5 | Bought a scroll of blinking for 127 gold pieces
 62539 | Vaults:5 | Found Hexzop's Jewellery Boutique.
 62578 | Vaults:5 | Reached XP level 24. HP: 229/242 MP: 31/31
 62773 | Vaults:5 | Found Cadora's Magic Scroll Shop.
 62773 | Vaults:5 | Found Weefut's Magic Scroll Emporium.
 62778 | Vaults:5 | Bought a scroll of teleportation for 48 gold pieces
 62778 | Vaults:5 | Bought a scroll of magic mapping for 120 gold pieces
 62778 | Vaults:5 | Bought a scroll of blinking for 120 gold pieces
 62785 | Vaults:5 | Bought a scroll of blinking for 142 gold pieces
 62821 | Vaults:5 | Found Felink's Magic Scroll Boutique.
 62826 | Vaults:5 | Bought a scroll of teleportation for 45 gold pieces
 63013 | Vaults:5 | Found Oserupru's Assorted Antiques.
 63020 | Vaults:5 | Bought a scroll of teleportation for 108 gold pieces
 63020 | Vaults:5 | Bought a pair of bloodstained boots for 342 gold pieces
 63020 | Vaults:5 | Identified the +0 pair of boots "Lirux" {Slay+3} (You
                  | bought it in a shop on level 5 of the Vaults)
 63020 | Vaults:5 | Bought a scroll of fog for 144 gold pieces
 63020 | Vaults:5 | Bought a scroll of fog for 144 gold pieces
 63020 | Vaults:5 | Bought a potion of might for 144 gold pieces
 63865 | Depths:3 | Voluntarily entered the Abyss.
 63865 | Abyss:3  | Found a corrupted altar of Lugonu.
 63969 | Abyss:3  | Received a gift from Okawaru
 63994 | Abyss:3  | Noticed an ancient lich
 64037 | Abyss:3  | Killed an ancient lich
 64083 | Abyss:3  | Noticed a dread lich
 64116 | Abyss:3  | Received a gift from Okawaru
 64116 | Abyss:3  | Found the +18 Lear's hauberk
 64362 | Abyss:3  | Found a corrupted altar of Lugonu.
 64639 | Abyss:3  | Noticed an ancient lich
 64642 | Abyss:3  | Noticed a dread lich
 64643 | Abyss:3  | Noticed a dread lich
 64656 | Abyss:3  | Killed an ancient lich
 64671 | Abyss:3  | Paralysed by something for 2 turns
 64677 | Abyss:3  | Got an abyssal rune of Zot
 64689 | Abyss:3  | Killed a dread lich
 64699 | Abyss:3  | Killed a dread lich
 64700 | Abyss:3  | Found a corrupted altar of Lugonu.
 64883 | Abyss:3  | Found a corrupted altar of Lugonu.
 64919 | Abyss:3  | Found a corrupted altar of Lugonu.
 64986 | Depths:3 | Escaped the Abyss
 65570 | Depths:4 | Bought a scroll of blinking for 112 gold pieces
 65576 | Depths:4 | Bought a wand of paralysis (8) for 422 gold pieces
 65650 | Zot:1    | Entered Level 1 of the Realm of Zot
 66345 | Zot:1    | HP: 10/245 [something/bolt of lightning (7)]
 66345 | Zot:1    | HP: 4/245 [constriction (2)]
 66346 | Zot:1    | Killed from afar by a yellow draconian annihilator

Illustrated notes

Levels and vault maps discovered:
D:1:      spicycebolla_arrival_xxxplode, layout_loops_ring, hex_tiny,
          chequers_garden, minmay_hexomino_r4
D:2:      layout_basic, uniq_sigmund, uniq_crazy_yiuf_cottage, uniq_terence
D:3:      layout_loops_ring, nemelex_diamond_rough_becter,
          grunt_dithmenos_smoke, basic_ecumenical_altar, serial_shops, shop,
          pf_guarded_unrand_delatra
D:4:      layout_basic, lemuel_coloured_pillars_altar,
          minmay_temple_entry_waves, lightli_corner_chamber
D:5:      layout_cave_pools, uniq_eustachio
D:6:      old_forge, layout_loops_corners, mainiacjoe_overflow_cross_hatched,
          uniq_menkaure, uniq_duvessa
D:7:      layout_rooms, corexii_hall_statues_l
D:8:      layout_gridville, kiku_gazebo_garden_becter,
          mainiacjoe_overflow_catch_the_wave, gammafunk_ghost_wrathful_warriors,
          enter_ossuary_4, uniq_maurice
D:9:      layout_roguey, mainiacjoe_overflow_alcove_4,
          yredelemnul_forgotten_temple_becter, tso_oasis_becter
D:10:     layout_roguey, mainiacjoe_overflow_alcove_1, cheibrodos_worm_habitat,
          minmay_orc_entry_guard_dogs, nicolae_figureground_sparkle
D:11:     layout_long_grid, lair_entry_dummy, amcnicky_mini_pool_small,
          roderic_batcave, uniq_grum, uniq_nergalle
D:12:     layout_irregular_city
D:13:     layout_basic, grunt_vaults_entry_tiered, kennysheep_windowed_goal
D:14:     layout_small_grid, solitary_fountain, hangedman_stone_soup,
          uniq_agnes, uniq_kirke
D:15:     grunt_enter_depths_magical_seal, layout_irregular_city, fountainhead,
          serial_shops, shop, okawaru_altar_gauntlet_db
Temple:   hellmonk_temple_flake
Lair:1:   layout_gridlike
Lair:2:   layout_loops_ring, elwin_shoals_entry_stream, lemuel_fruit_tree
Lair:3:   layout_hall_layers, nicolae_snake_entry_squirm, st_stairs_7,
          grunt_megastairs_5
Lair:4:   layout_long_grid, chequers_serial_rivers_micro_d, pond, uniq_rupert,
          uniq_snorg, uniq_josephine
Lair:5:   evilmike_catoblepas_cave, layout_big_grid,
          minmay_slime_entry_oklob_open, ebering_ghost_reflecting_pool
Shoals:1: cheibrodos_shoals_roost, layout_shoals
Shoals:2: layout_shoals, uniq_ilsuiw
Shoals:3: layout_shoals
Shoals:4: shoals_end_hangedman, layout_shoals,
          nicolae_shoals_siren_and_animal_friends, uniq_bai_suzhen
Snake:1:  layout_layer_cave, serial_shops, shop, basic_altar,
          grunt_ministairs_14, nicolae_snake_guarding_the_ruins,
          grunt_megastairs_3
Snake:2:  layout_basic, portal_ice_cave_entry_pillars_three
Snake:3:  layout_chambers, serial_shops, nicolae_shop_hallway_stairs,
          minmay_shop_star, serial_bayou_shore_a, uniq_asterion
Snake:4:  snake_pit, layout_cave_town, uniq_aizul
Orc:1:    layout_diamond_mine, basic_altar, serial_shops,
          nicolae_lakefront_shop, mines_bat_river
Orc:2:    st_orc_ogre_mass, layout_caves, serial_shops, nicolae_shop_waterfront,
          nicolae_orc_crystal_geode, uniq_urug
Elf:1:    nicolae_elf_arrival_aired_out, layout_gridlike, serial_shops,
          nicolae_shop_statue_plus, evilmike_minifort, grunt_megastairs_1
Elf:2:    nicolae_elf_blades_crystal_corner, layout_geoelf_diagonals,
          portal_desolation_entry_salt
Elf:3:    minmay_elf_hall, layout_geoelf_grid, ebering_ghost_disaster_area,
          nicolae_danse_macabre
Vaults:1: nicolae_vaults_network_periphery, nicolae_vaults_hallways_thing,
          ontoclasm_vaults_eye, vaults_dpeg_spiral, vaults_room_corners,
          vaults_room_grunt_arrival_ludios,
          vaults_standard_mumra_enter_the_diamond, v_misc_28,
          nicolae_vaults_little_squares_4, vaults_dpeg_cross,
          layout_vaults_maze_bifur
Vaults:2: grunt_vaults_swirl, vaults_dpeg_doors, v_misc_3,
          nicolae_vaults_ring_of_whatevers, v_misc_29, v_misc_14,
          special_room_vaults [special_room_orc], layout_vaults_quadrants,
          uniq_margery, uniq_saint_roka
Vaults:3: nicolae_vaults_twisting_passages, grunt_vaults_focal,
          vaults_room_fours, minmay_crypt_entry_necro_gods,
          vaults_room_door_ring, ontoclasm_vaults_pinch,
          nicolae_vaults_rhombus_7, vaults_mumra_hex, v_misc_28,
          vaults_standard_mumra_enter_the_diamond,
          nicolae_vaults_little_squares_5, ontoclasm_vaults_decontamination,
          vaults_dpeg_hooks, layout_vaults_omnicross, uniq_zenata
Vaults:4: nicolae_vaults_rhombus_6, hangedman_vaults_nails,
          nicolae_vaults_little_squares_4, vaults_room_pool, v_alt_pattern_3,
          v_misc_19, v_misc_33, v_pattern_4, nicolae_vaults_three_branches,
          vaults_mumra_lcd, v_misc_4, v_misc_18,
          nicolae_vaults_ring_of_whatevers, nicolae_vaults_ring_of_whatevers,
          layout_vaults_ring, uniq_xtahua
Vaults:5: uniq_jory
Depths:1: layout_basic, enter_trove_1, marbit_kobold_abyss_entry,
          nicolae_figureground_pulse, hell_entry, kennysheep_pointless_box,
          minmay_crystal_water, hangedman_abyss_or_decor_stabs, led_sif_pool,
          uniq_sojobo
Depths:2: minmay_the_grid_triangle_9x9_rhombus_full_mashed
          [minmay_the_grid_triangle_9x9_flanged_cone,
          minmay_the_grid_triangle_9x9_empty,
          minmay_the_grid_triangle_9x9_tough_junction,
          minmay_the_grid_triangle_9x9_subtriangle,
          minmay_the_grid_triangle_9x9_descending_squares,
          minmay_the_grid_triangle_9x9_intruding_spiral,
          minmay_the_grid_triangle_9x9_skeleton,
          minmay_the_grid_triangle_9x9_prize_insulated], layout_honeycomb,
          pf_coc_iceberg, hangedman_decor_riveting, serial_shops, statue_bzr,
          shop_statue, shop, rand_demon_pan_entry_4, minmay_gold_behind_fungi
Depths:3: minmay_concentric_multi, layout_honeycomb, pf_hell_entry_tar_river,
          nicolae_abyss_entry_one_way_or_another, nrook_campfire, moated_statue,
          drop_trap, minmay_misc_feat_hallway, kennysheep_nondescript,
          uniq_josephina
Depths:4: evilmike_zot_entry_round, layout_basic, enter_ziggurat_c,
          grunt_decor_resistance, grunt_hell_horde, minmay_shoptagon
Zot:1:    kennysheep_spiral_hall, layout_concentric_octagons,
          guppyfry_library_mini

Skill      XL: |  1  2  3  4  5  6  7  8  9 10 11 12 13 14 15 16 17 18 19 20 21 22 23 24 |
---------------+-------------------------------------------------------------------------+-----
Armour         | 4 5 6 7 9 10 11 12 14 15 16 17 18 19 20 21 23 24 25 | 25.9
Shields        | 4 5 6 7 9 10 11 12 14 15 16 17 18 19 20 21 23 24 25 | 25.9
Fighting       | 4 5 6 7 9 10 11 12 14 15 16 17 18 19 20 21 22 24 25 | 25.9
Axes           | 3 4 5 6 7 8 9 11 12 13 15 17 18 | 18.0
Invocations    | 2 4 5 6 8 9 10 12 | 12.0
Throwing       | 1 4 5 7 9 10 | 10.0
Evocations     | 2 6 8 10 12 13 14 | 14.9

Action                     |  1- 3 |  4- 6 |  7- 9 | 10-12 | 13-15 | 16-18 | 19-21 | 22-24 || total
---------------------------+-------+-------+-------+-------+-------+-------+-------+-------++-------
  Melee: War axe           |    71 |   131 |   313 |   751 |    23 |       |       |       ||  1289
         Headbutt          |    12 |    19 |    53 |   154 |   219 |   340 |   506 |   470 ||  1773
         Broad axe         |       |       |       |       |   937 |  1300 |  1473 |  1557 ||  5267
         Unarmed           |       |       |       |       |    23 |       |       |       ||    23
  Throw: Javelin           |       |     1 |    13 |     4 |     5 |    17 |     5 |     6 ||    51
         Dart              |       |       |    16 |    51 |    29 |     1 |       |       ||    97
         Throwing net      |       |       |       |       |     1 |     1 |       |       ||     2
 Invoke: Heroism           |       |       |     2 |    11 |    17 |    20 |    20 |    15 ||    85
         Finesse           |       |       |       |       |       |     4 |     3 |     3 ||    10
         Duel              |       |       |       |       |       |       |     1 |     2 ||     3
Ability: Evoke Blink       |       |       |       |       |       |       |     1 |     3 ||     4
  Evoke: Wand              |       |       |     1 |       |     5 |       |       |     1 ||     7
    Use: Scroll            |     2 |     4 |     3 |    13 |    14 |     6 |    14 |    11 ||    67
         Potion            |       |       |       |     4 |     3 |     7 |       |     9 ||    23
   Stab: Invisible         |       |       |       |     2 |       |       |       |       ||     2
         Distracted        |       |       |       |       |     3 |     2 |       |     2 ||     7
 Armour: Scale mail        |    26 |     7 |       |       |       |       |       |       ||    33
         Chain mail        |       |    75 |   238 |   252 |       |       |       |       ||   565
         Plate armour      |       |       |       |   196 |   435 |   451 |   331 |       ||  1413
         Skin              |       |       |       |       |    40 |       |     2 |       ||    42
         Gold dragon scale |       |       |       |       |       |       |    77 |   549 ||   626
  Dodge: Dodged            |    34 |    47 |   101 |   223 |   174 |   153 |   181 |   262 ||  1175
  Block: Buckler           |    11 |    26 |    55 |       |       |       |       |       ||    92
         Kite shield       |       |       |    36 |   434 |   519 |       |       |       ||   989
         Tower shield      |       |       |       |       |    70 |  1664 |  1514 |  2032 ||  5280

Table legend: (Time is in decaauts)
 A = Elapsed time spent in this place.
 B = Non-inter-level travel time spent in this place.
 C = Inter-level travel time spent in this place.
 D = Time resting spent in this place.
 E = Time spent auto-exploring this place.
 F = Levels seen in this place.
 G = Mean time per level.
                   A        B        C        D        E       F      G
               +--------+--------+--------+--------+--------+-----+--------+
         Total |  65600 |  56178 |   9422 |  13257 |  27571 |  55 | 1192.7 |
       Dungeon |  17048 |  13571 |   3477 |   1356 |   8984 |  15 | 1136.5 |
        Temple |    154 |    136 |     18 |      0 |    124 |   1 |  154.0 |
          Lair |   8481 |   7665 |    816 |   2707 |   3391 |   5 | 1696.2 |
        Shoals |   6176 |   5778 |    398 |   1743 |   2607 |   4 | 1544.0 |
     Snake Pit |   7407 |   6178 |   1229 |   1805 |   2707 |   4 | 1851.8 |
  Orcish Mines |   4107 |   3507 |    600 |   1857 |    809 |   2 | 2053.5 |
   Elven Halls |   2694 |   2380 |    314 |    119 |   1401 |   3 |  898.0 |
        Vaults |   9731 |   8467 |   1264 |   2558 |   3743 |   5 | 1946.2 |
        Depths |   6628 |   5343 |   1285 |    607 |   3122 |   4 | 1657.0 |
           Zot |    534 |    516 |     18 |      5 |    325 |   1 |  534.0 |
         Abyss |   1991 |   1991 |      0 |    292 |    187 |   4 |  497.8 |
        Bazaar |     79 |     79 |      0 |      0 |     18 |   1 |   79.0 |
         Trove |     39 |     39 |      0 |      0 |      0 |   1 |   39.0 |
       Ossuary |    238 |    238 |      0 |      0 |    147 |   1 |  238.0 |
      Ice Cave |    227 |    227 |      0 |    184 |      4 |   1 |  227.0 |
         Arena |     60 |     60 |      0 |     22 |      0 |   3 |   20.0 |
               +--------+--------+--------+--------+--------+-----+--------+

Top non-repeatable levels by time:
   Orc:1: 3143 daAuts
  Lair:5: 2615 daAuts
Vaults:2: 2545 daAuts
 Snake:4: 2487 daAuts
Vaults:3: 2282 daAuts
    D:13: 2039 daAuts
Shoals:3: 2039 daAuts
 Snake:1: 1885 daAuts
Depths:2: 1786 daAuts
Depths:3: 1782 daAuts
     D:8: 1766 daAuts
Vaults:1: 1754 daAuts
  Lair:1: 1691 daAuts
Vaults:4: 1657 daAuts
Shoals:4: 1648 daAuts
